 Dungeon Sprint DCSS version 0.31-a0-18-gea43df2a32 (webtiles) character file.

Game seed: 976706109241701201

2767 bmack86 the Fighter (level 9, -3/96 HPs)
             Began as a Minotaur Berserker on May 10, 2023.
             Was an Elder of Trog.
             Shot with an arrow by a centaur warrior (15 damage)
             ... in the Dungeon (Sprint I: "Red Sonja").
             The game lasted 00:04:58 (720 turns).

bmack86 the Fighter (Minotaur Berserker)             Turns: 720, Time: 00:04:58

Health: -3/96      AC: 11    Str: 26    XL:     9   Next: 42%
Magic:  8/8        EV: 11    Int:  4    God:    Trog [****..]
Gold:   590        SH:  0    Dex: 10    Spells: 8/8 levels left

rFire   + . .        a - +0 hand axe
rCold   . . .        (no shield)
rNeg    . . .        j - +2 scale mail {rF+}
rPois   .            (helmet restricted)
rElec   .            (no cloak)
rCorr   .            (no gloves)
SInv    .            (no boots)
Will    .....        (no amulet) Stlth
                     (no ring)
HPRegen 0.36/turn    (no ring)
MPRegen 0.11/turn

%: no teleportation
@: lethally poisoned (-3 -> -5), on berserk cooldown, slowed, very slow
A: horns 2, retaliatory headbutt
a: Renounce Religion, Berserk, Trog's Hand, Brothers in Arms


You were in the Dungeon.
You worshipped Trog.
Trog was greatly pleased with you.
You visited 1 branch You collected 862 gold pieces.
You spent 272 gold pieces at shops.

Inventory:

Hand Weapons
 a - a +0 hand axe (weapon)
Missiles
 k - 4 curare-tipped darts (quivered)
Armour
 b - a +0 animal skin
 j - a +2 scale mail of fire resistance (worn)
Wands
 i - a wand of polymorph (5)
Scrolls
 e - 4 scrolls of identify
 l - a scroll of vulnerability
 m - a scroll of enchant weapon
Potions
 c - 3 potions of curing
 d - a potion of heal wounds
 f - 3 potions of magic
 g - a potion of berserk rage


   Skills:
 + Level 14.4 Fighting
 + Level 14.3 Axes
 + Level 13.9 Armour
 - Level 2.1 Dodging
 - Level 8.0 Evocations


You had 8 spell levels left.
You didn't know any spells.
Your spell library was empty.

Dungeon Overview and Level Annotations

Branches:
Dungeon (1/1)

Altars:
Cheibriados
Dithmenos
Elyvilon
Fedhas
Gozag
Hepliaklqana
Kikubaaqudgha
Makhleb
Nemelex Xobeh
Okawaru
Qazlal
Ru
Sif Muna
Trog
Uskayaw
Vehumet
Wu Jian
Xom
Yredelemnul
Zin
The Shining One
Jiyva
Lugonu

Shops:
D [?[


Innate Abilities, Weirdness & Mutations

You have a pair of horns on your head.
You reflexively headbutt those who attack you in melee.


Message History

You slash the hornet!
The hornet is moderately wounded.
You hit the centaur warrior but do no damage.
You feel sick. The centaur warrior hits you.
The centaur warrior kicks you but does no damage.
The hornet stings you but does no damage.
The centaur warrior barely misses you. You furiously retaliate!
You headbutt the centaur warrior. The centaur warrior misses you.
You feel sick.
The hornet stings you but does no damage.
Unknown command.
You feel sick. The hornet misses you. The hornet stings you.
* * * LOW HITPOINT WARNING * * *
You are more poisoned.
You feel as though you will be slow longer.
The hornet closely misses you.
Unknown command.
You feel very sick. The hornet barely misses you. You furiously retaliate!
You headbutt the hornet!
Unknown command.
Blink to where?
Press: ? - help, Dir - move target
As you read the scroll of blinking, it crumbles to dust.
You feel very sick.
The hornet stings you but does no damage.
The centaur warrior barely misses you.
The centaur warrior kicks you but does no damage.
The hornet barely misses you.
The centaur warrior hits you but does no damage.
The centaur warrior kicks you but does no damage.
You enter the shallow water.
Moving in this stuff is going to be slow.
You feel sick. The hornet misses you. You furiously retaliate!
You headbutt the hornet!
You kill the hornet!
Trog accepts your kill.
Found 54 gold pieces.
You feel sick.
The centaur warrior wields a +0 shortbow.
The centaur warrior shoots an arrow.
The arrow hits you!
You die...

#######################
#..)..#..'..#__#..'.).#
)..#..').#..'..'..#)..#
#####'#####'#__####...+
####..#...#.####§§#####
#__####..##.#~§§§§#$$#
#_____##'#_.+§§§@§§..#
#_.∩...÷..._#§~§§§#$$#
#_..__##_.#'##c#### #
#_____###)#.#....###
#########.####'###)##
.......'...'†.§..'.∩#
++++####...##########
###.### #.#'#.#


You could see a centaur warrior.

Vanquished Creatures
  A centaur warrior (D)
  A deep troll (D)
  A kobold demonologist (D)
  A rime drake (D)
  A hornet (D)
  A slime creature (D)
  Sigmund (D)
  A yak (D)
  A floating eye (D)
  An ogre (D)
  A jelly (D)
  Ijyb (D)
12 creatures vanquished.

Vanquished Creatures (others)
  A kobold demonologist (D)
  2 ballistomycete spores (D)
3 creatures vanquished.

Grand Total: 15 creatures vanquished

Notes
Turn   | Place    | Note
-------+----------+-------------------------------------------
     0 | D        | bmack86 the Minotaur Berserker began the quest for the Orb.
     0 | D        | Reached XP level 1. HP: 19/19 MP: 0/0
     2 | D        | Noticed Ijyb
     9 | D        | Killed Ijyb
    10 | D        | Reached skill level 5 in Fighting
    10 | D        | Reached skill level 5 in Axes
    10 | D        | Reached XP level 2. HP: 29/29 MP: 1/1
    64 | D        | Noticed an ogre
    68 | D        | Killed an ogre
    69 | D        | Reached XP level 3. HP: 38/38 MP: 2/2
    69 | D        | Reached XP level 4. HP: 45/45 MP: 3/3
    82 | D        | Noticed Sigmund
    91 | D        | Killed Sigmund
    91 | D        | Reached ** piety under Trog
    92 | D        | Reached XP level 5. HP: 39/56 MP: 4/4
    92 | D        | Reached XP level 6. HP: 43/62 MP: 5/5
   109 | D        | Found a burning altar of Makhleb.
   109 | D        | Found a viscous altar of Jiyva.
   109 | D        | Found a shimmering altar of Xom.
   109 | D        | Found a corrupted altar of Lugonu.
   109 | D        | Noticed a slime creature
   117 | D        | Killed a slime creature
   118 | D        | Reached skill level 5 in Evocations
   247 | D        | Found an ornate altar of the Wu Jian Council.
   247 | D        | Found a shimmering blue altar of Sif Muna.
   249 | D        | Found a radiant altar of Vehumet.
   285 | D        | Found Fuul's Magic Scroll Emporium.
   285 | D        | Found an ancient bone altar of Kikubaaqudgha.
   285 | D        | Found a hazy altar of Hepliaklqana.
   285 | D        | Found a stormy altar of Qazlal.
   285 | D        | Found a hide-covered altar of Uskayaw.
   285 | D        | Found a blossoming altar of Fedhas.
   285 | D        | Found a bloodstained altar of Trog.
   285 | D        | Found an iron altar of Okawaru.
   285 | D        | Found a basalt altar of Yredelemnul.
   285 | D        | Found a glowing golden altar of the Shining One.
   285 | D        | Found a snail-covered altar of Cheibriados.
   285 | D        | Found a sacrificial altar of Ru.
   285 | D        | Found a glowing silver altar of Zin.
   285 | D        | Found a shadowy altar of Dithmenos.
   285 | D        | Found a white marble altar of Elyvilon.
   285 | D        | Noticed a yak
   293 | D        | Killed a yak
   294 | D        | Reached skill level 10 in Fighting
   294 | D        | Reached skill level 10 in Axes
   294 | D        | Reached XP level 7. HP: 72/72 MP: 6/6
   294 | D        | Found an opulent altar of Gozag.
   295 | D        | Found a sparkling altar of Nemelex Xobeh.
   299 | D        | Bought 3 scrolls of identify for 78 gold pieces
   299 | D        | Bought a scroll of enchant armour for 97 gold pieces
   299 | D        | Bought a scroll of enchant armour for 97 gold pieces
   337 | D        | Noticed a kobold demonologist
   338 | D        | Noticed a kobold demonologist
   340 | D        | Reached *** piety under Trog
   341 | D        | Reached skill level 10 in Armour
   345 | D        | Killed a kobold demonologist
   350 | D        | Noticed a smoke demon
   356 | D        | Killed a kobold demonologist
   357 | D        | Reached XP level 8. HP: 41/83 MP: 7/7
   501 | D        | Noticed Sonja
   502 | D        | Sonja changed into Sonja the rime drake
   502 | D        | Noticed Sonja
   507 | D        | Killed Sonja the rime drake
   521 | D        | Noticed a deep troll
   531 | D        | Killed a deep troll
   532 | D        | Reached XP level 9. HP: 68/93 MP: 8/8
   541 | D        | Found Lits's Armour Emporium.
   604 | D        | Found Jiux's Antique Armour Boutique.
   698 | D        | Noticed a centaur warrior
   702 | D        | Noticed a centaur warrior
   708 | D        | Killed a centaur warrior
   708 | D        | Reached **** piety under Trog
   711 | D        | Paralysed by a hornet for 1 turns
   720 | D        | Shot with an arrow by a centaur warrior

Illustrated notes

Levels and vault maps discovered:
D:        dungeon_sprint_1 [red_sonja_temple_1, red_sonja_temple_small_1]

Skill      XL: |  1  2  3  4  5  6  7  8  9 |
---------------+----------------------------+-----
Fighting       | 5 6 8 10 11 13 14 | 14.4
Axes           | 5 6 8 10 11 13 14 | 14.3
Armour         | 4 6 8 9 11 12 13 | 13.9
Evocations     | 3 4 6 7 8 |  8.0
Dodging        | |  2.1

Action                     |  1- 3 |  4- 6 |  7- 9 || total
---------------------------+-------+-------+-------++-------
  Melee: Hand axe          |     9 |    21 |    35 ||    65
         Headbutt          |     6 |     3 |     6 ||    15
  Throw: Dart              |       |       |     1 ||     1
 Invoke: Berserk           |     2 |     2 |     3 ||     7
  Evoke: Wand              |       |       |     1 ||     1
    Use: Potion            |       |     1 |     1 ||     2
         Scroll            |       |       |     5 ||     5
 Armour: Scale mail        |       |     1 |    34 ||    35
  Dodge: Dodged            |     1 |     6 |    23 ||    30

Table legend: (Time is in decaauts)
 A = Elapsed time spent in this place.
 B = Non-inter-level travel time spent in this place.
 C = Inter-level travel time spent in this place.
 D = Time resting spent in this place.
 E = Time spent auto-exploring this place.
 F = Levels seen in this place.
 G = Mean time per level.
                   A        B        C        D        E       F      G
               +--------+--------+--------+--------+--------+-----+--------+
         Total |    754 |    754 |      0 |    368 |      0 |   1 |  754.0 |
       Dungeon |    754 |    754 |      0 |    368 |      0 |   1 |  754.0 |
               +--------+--------+--------+--------+--------+-----+--------+

Top non-repeatable levels by time:
       D: 754 daAuts
